Punishers vs Crunch
Created - March 4, 2022 at 09:03
Goals
|
| Punishers |
1 |
0 |
3 |
0 |
0 |
4 |
| Crunch |
2 |
1 |
1 |
0 |
1 |
5 |
|
Shots
|
| Punishers |
16 |
9 |
12 |
1 |
3 |
38 |
| Crunch |
6 |
17 |
6 |
5 |
2 |
34 |
|
1st period
1. Crunch , Christoffer Ehn 6 (Brendan Guhle 9) at 11:41
2. Punishers , Zack Hamill 22 (Tyler Bertuzzi 18, Corey Tropp 26) at 11:47
3. Crunch , Brock Boeser 19 (Teemu Hartikainen 19, Jayson Megna 7) at 12:01
Penalties :
Tyler Bertuzzi (Pro) for Holding (Minor) at 2:51, Brett Kulak (Pro) for Cross-checking (Minor) at 12:35, Ben Betker (Pro) for High sticking (Minor) at 16:35
2nd period
4. Crunch , Dalton Smith 5 (Dylan Strome 6, Mitch Callahan 3) at 18:36
Penalties :
Dylan Strome (Syr) for Hooking (Minor) at 4:21, Jayson Megna (Syr) for Hooking (Minor) at 16:11
3rd period
5. Punishers , Artem Zub 3 (Austen Brassard 14, Zack Hamill 27) at 2:15 (PP)
6. Punishers , John Quenneville 10 (Noah Juulsen 12, Nikita Gusev 11) at 2:29
7. Punishers , Corey Tropp 18 (Zack Hamill 28, Tyler Bertuzzi 19) at 12:05
8. Crunch , Teemu Hartikainen 16 (Noah Hanifin 22, Jayson Megna 8) at 12:13
Penalties :
Jayson Megna (Syr) for Tripping (Minor) at 0:16, Corey Tropp (Pro) for Interference (Minor) at 12:36
Overtime #1
No Goal
Penalties :
No Penalty
Shootout
Punishers, Zack Hamill - Stopped by Kaapo Kahkonen
Crunch, Teemu Hartikainen - Goal!
Punishers, Corey Tropp - Stopped by Kaapo Kahkonen
Crunch, Brock Boeser - Stopped by Louis Domingue
Punishers, Tyler Bertuzzi - Shot Misses the Net
Penalties :
No Penalty
Goalie Stats
Louis Domingue (Pro), 30 saves from 34 shots - (0.882), OTL, 12-13-3, 65:00 minutes
Kaapo Kahkonen (Syr), 34 saves from 38 shots - (0.895), W, 10-9-3, 65:00 minutes
Players Stats for Punishers
Player Name G A P +/- PIM S H SB GA TA FO MP PP MP PK MP
------------------------------------------------------------------------------------
Alex Schoenborn 0 0 0 0 0 0 0 0 0 0 0/1 1:28 0:09 0:00
Alexander Nylander 0 0 0 0 0 0 0 0 0 0 0/0 0:37 0:09 0:00
Anton Blidh 0 0 0 -1 0 0 0 1 0 0 0/0 8:56 0:00 1:27
Artem Zub 1 0 1 -1 0 2 0 4 1 2 0/0 22:05 2:24 3:26
Austen Brassard 0 1 1 1 0 0 1 1 1 0 1/1 10:52 0:09 0:00
Austin Wagner 0 0 0 0 0 0 0 0 0 0 0/0 0:28 0:00 0:23
Beck Malenstyn 0 0 0 0 0 0 0 0 0 0 0/0 0:00 0:00 0:00
Ben Betker 0 0 0 1 2 2 0 1 1 0 0/0 24:24 3:25 3:12
Brett Kulak 0 0 0 0 2 1 1 1 0 0 0/0 29:52 3:25 3:23
Carter Ashton 0 0 0 0 0 1 6 0 1 0 0/0 15:06 2:42 0:00
Chrstian Dvorak 0 0 0 0 0 1 1 0 0 0 0/0 15:06 2:42 0:00
Connor Clifton 0 0 0 -1 0 0 0 0 0 0 0/0 14:21 0:08 2:14
Corey Tropp 1 1 2 -1 2 9 3 2 1 0 4/5 24:31 3:06 2:58
Daniel Audette 0 0 0 -1 0 0 0 1 1 0 0/4 8:19 0:00 1:12
Fredrik Claesson 0 0 0 0 0 2 1 1 1 1 0/0 13:35 0:08 0:00
Gabriel Gagne 0 0 0 0 0 0 0 0 0 0 0/1 2:47 0:00 2:05
John Quenneville 1 0 1 1 0 4 1 0 0 0 4/6 11:02 0:00 0:14
Michael Joly 0 0 0 -1 0 1 0 0 0 0 0/0 7:01 0:00 0:00
Nicolas Roy 0 0 0 0 0 0 0 0 0 0 0/0 0:00 0:00 0:00
Nikita Gusev 0 1 1 1 0 6 0 0 0 1 0/0 10:43 0:00 0:00
Niko Mikkola 0 0 0 0 0 0 0 0 0 0 0/0 4:02 0:00 0:11
Noah Juulsen 0 1 1 -1 0 0 3 0 1 0 0/0 22:05 2:24 3:26
Radek Faksa 0 0 0 0 0 1 1 0 0 1 4/10 18:22 2:42 2:06
Tyler Bertuzzi 0 2 2 -1 2 2 2 0 2 0 0/0 20:36 3:06 1:19
Zack Hamill 1 2 3 -1 0 6 2 1 0 0 21/36 25:42 3:06 4:08
Players Stats for Crunch
Player Name G A P +/- PIM S H SB GA TA FO MP PP MP PK MP
------------------------------------------------------------------------------------
Anatoli Golyshev 0 0 0 0 0 0 2 0 0 0 0/0 10:10 0:00 1:52
Anthony Cirelli 0 0 0 0 0 2 0 2 1 0 0/0 19:44 3:38 1:38
Brendan Guhle 0 1 1 1 0 0 1 2 0 1 0/0 23:04 3:04 2:40
Brock Boeser 1 0 1 0 0 2 1 1 1 0 0/1 21:43 4:15 0:00
Christoffer Ehn 1 0 1 0 0 4 3 1 1 0 10/20 23:02 4:15 3:14
Connor Bunnaman 0 0 0 0 0 0 0 0 0 0 0/0 0:00 0:00 0:00
Dalton Smith 1 0 1 1 0 3 1 0 0 0 0/0 13:42 0:03 1:08
Dylan Strome 0 1 1 1 2 3 1 0 0 0 2/4 13:36 3:38 0:33
Jacob Larsson 0 0 0 0 0 0 0 1 0 0 0/0 4:28 0:00 0:00
Jayson Megna 0 2 2 0 4 3 2 0 1 1 12/27 16:39 0:00 0:41
Jeremy Lauzon 0 0 0 -1 0 0 0 0 0 2 0/0 11:23 0:00 0:00
Jordan Oesterle 0 0 0 1 0 0 2 2 1 2 0/0 30:09 4:52 3:17
Matt Roy 0 0 0 1 0 1 1 0 0 0 0/0 23:04 3:04 2:40
Max McCormick 0 0 0 0 0 1 0 0 0 0 0/0 7:22 0:03 0:00
Michael Ferland 0 0 0 0 0 4 2 0 0 0 0/0 17:38 3:38 0:00
Mitch Callahan 0 1 1 1 0 0 3 0 0 0 1/1 12:18 0:03 0:00
Noah Hanifin 0 1 1 1 0 5 0 1 0 2 0/0 26:05 4:52 3:17
Sean Walker 0 0 0 -1 0 0 2 1 0 1 0/0 11:47 0:00 0:00
Teemu Hartikainen 1 1 2 0 0 6 0 1 0 1 5/11 28:06 4:15 2:48
3 Stars
1 - Zack Hamill (Pro)
2 - Teemu Hartikainen (Syr)
3 - Christoffer Ehn (Syr)
Power Play
Punishers - 1 on 3 Attempt(s) - 33.33%
Crunch - 0 on 4 Attempt(s) - 0.00%
Penalty Kill
Punishers - 4 on 4 Attempt(s) - 100.00%
- Score 0 goal in Penalty Kill
Crunch - 2 on 3 Attempt(s) - 66.67%
- Score 0 goal in Penalty Kill
Team Stat
Punishers - Hits : 22 - Faceoff Wins : 34 - Blocked Shots : 13 - Penalty Minutes : 8
Crunch - Hits : 21 - Faceoff Wins : 30 - Blocked Shots : 12 - Penalty Minutes : 6
Official
Referees : TJ Luxmore and Steve Kozari
Linesman : Tony Sericolo and Ryan Daisy
Game Notes
Ben Betker is injured at 1:54 of 1st overtime period (Bruised Right Foot)
Finance
Level 1 -- Attendance: 1882 (94.10%) -- Ticket Income $65,870
Level 2 -- Attendance: 870 (87.00%) -- Ticket Income $13,050
Total Attendance: 2752 (91.73%)
Total Ticket Income: $78,920
Other Income: $3,946
Total Income: $82,866
Punishers
5 vs 5 Forward
Center Left Wing Right Wing Time % Phy DF OF
1 Zack Hamill Tyler Bertuzzi Corey Tropp 40 1 2 2
2 Radek Faksa Chrstian Dvorak Carter Ashton 30 1 2 2
3 John Quenneville Nikita Gusev Austen Brassard 20 1 2 2
4 Daniel Audette Anton Blidh Michael Joly 10 1 2 2
5 vs 5 Defense
Defense Defense Time % Phy DF OF
1 Brett Kulak Ben Betker 40 1 2 2
2 Artem Zub Noah Juulsen 30 1 2 2
3 Fredrik Claesson Connor Clifton 20 1 2 2
4 Niko Mikkola Brett Kulak 10 1 2 2
PowerPlay Forward
Center Left Wing Right Wing Time % Phy DF OF
1 Zack Hamill Tyler Bertuzzi Corey Tropp 60 1 2 2
2 Radek Faksa Chrstian Dvorak Carter Ashton 40 1 2 2
PowerPlay Defense
Defense Defense Time % Phy DF OF
1 Brett Kulak Ben Betker 60 1 2 2
2 Artem Zub Noah Juulsen 40 1 2 2
Penalty Kill 4 Players Forward
Center Wing Time % Phy DF OF
1 Zack Hamill Corey Tropp 60 1 2 2
2 Tyler Bertuzzi Radek Faksa 40 1 2 2
Penalty Kill 4 Players Defense
Defense Defense Time % Phy DF OF
1 Brett Kulak Ben Betker 60 1 2 2
2 Artem Zub Noah Juulsen 40 1 2 2
Penalty Kill - 3 Players Forward
Forward Time % Phy DF OF
1 Zack Hamill 60 1 2 2
2 Corey Tropp 40 1 2 2
Penalty Kill - 3 Players Defense
Defense Defense Time % Phy DF OF
1 Brett Kulak Ben Betker 60 1 2 2
2 Artem Zub Noah Juulsen 40 1 2 2
4 vs 4 Forward
Center Wing Time % Phy DF OF
1 Zack Hamill Corey Tropp 60 1 2 2
2 Tyler Bertuzzi Radek Faksa 40 1 2 2
4 vs 4 Defense
Defense Defense Time % Phy DF OF
1 Brett Kulak Ben Betker 60 1 2 2
2 Artem Zub Noah Juulsen 40 1 2 2
Last Minutes Offensive
Center Left Wing Right Wing Defense Defense
Zack Hamill Tyler Bertuzzi Corey Tropp Brett Kulak Ben Betker
Last Minutes Defensive
Center Left Wing Right Wing Defense Defense
Zack Hamill Tyler Bertuzzi Corey Tropp Brett Kulak Ben Betker
Goaltenders
Starting : Louis Domingue
Backup : Daniel Altshuller
Extra Forwards
Normal : Alex Schoenborn, Alexander Nylander, Gabriel Gagne - PP : Alex Schoenborn, Alexander Nylander - PK : Gabriel Gagne
Extra Defensemen
Normal : Fredrik Claesson, Connor Clifton, Niko Mikkola - PP : Fredrik Claesson - PK : Connor Clifton, Niko Mikkola
Penalty Shots
Zack Hamill, Corey Tropp, Tyler Bertuzzi, Radek Faksa, Carter Ashton
Scratches
Connor Ingram (Healthy)
Crunch
5 vs 5 Forward
Center Left Wing Right Wing Time % Phy DF OF
1 Jayson Megna Teemu Hartikainen Brock Boeser 40 1 2 2
2 Christoffer Ehn Michael Ferland Anthony Cirelli 30 1 2 2
3 Dylan Strome Dalton Smith Mitch Callahan 20 1 2 2
4 Teemu Hartikainen Anatoli Golyshev Max McCormick 10 1 2 2
5 vs 5 Defense
Defense Defense Time % Phy DF OF
1 Jordan Oesterle Noah Hanifin 40 1 2 2
2 Matt Roy Brendan Guhle 30 1 2 2
3 Sean Walker Jeremy Lauzon 20 1 2 2
4 Jacob Larsson Jordan Oesterle 10 1 2 2
PowerPlay Forward
Center Left Wing Right Wing Time % Phy DF OF
1 Christoffer Ehn Teemu Hartikainen Brock Boeser 60 1 2 2
2 Dylan Strome Michael Ferland Anthony Cirelli 40 1 2 2
PowerPlay Defense
Defense Defense Time % Phy DF OF
1 Jordan Oesterle Noah Hanifin 60 1 2 2
2 Matt Roy Brendan Guhle 40 1 2 2
Penalty Kill 4 Players Forward
Center Wing Time % Phy DF OF
1 Christoffer Ehn Teemu Hartikainen 60 1 2 2
2 Jayson Megna Anthony Cirelli 40 1 2 2
Penalty Kill 4 Players Defense
Defense Defense Time % Phy DF OF
1 Jordan Oesterle Noah Hanifin 60 1 2 2
2 Matt Roy Brendan Guhle 40 1 2 2
Penalty Kill - 3 Players Forward
Forward Time % Phy DF OF
1 Teemu Hartikainen 60 1 2 2
2 Brock Boeser 40 1 2 2
Penalty Kill - 3 Players Defense
Defense Defense Time % Phy DF OF
1 Jordan Oesterle Noah Hanifin 60 1 2 2
2 Matt Roy Brendan Guhle 40 1 2 2
4 vs 4 Forward
Center Wing Time % Phy DF OF
1 Teemu Hartikainen Brock Boeser 60 1 2 2
2 Jayson Megna Christoffer Ehn 40 1 2 2
4 vs 4 Defense
Defense Defense Time % Phy DF OF
1 Jordan Oesterle Noah Hanifin 60 1 2 2
2 Matt Roy Brendan Guhle 40 1 2 2
Last Minutes Offensive
Center Left Wing Right Wing Defense Defense
Jayson Megna Teemu Hartikainen Brock Boeser Jordan Oesterle Noah Hanifin
Last Minutes Defensive
Center Left Wing Right Wing Defense Defense
Jayson Megna Teemu Hartikainen Brock Boeser Jordan Oesterle Noah Hanifin
Goaltenders
Starting : Kaapo Kahkonen
Backup : Josef Korenar
Extra Forwards
Normal : Dalton Smith, Mitch Callahan, Anatoli Golyshev - PP : Dalton Smith, Mitch Callahan - PK : Anatoli Golyshev
Extra Defensemen
Normal : Sean Walker, Jeremy Lauzon, Jacob Larsson - PP : Sean Walker - PK : Jeremy Lauzon, Jacob Larsson
Penalty Shots
Teemu Hartikainen, Brock Boeser, Jayson Megna, Christoffer Ehn, Anthony Cirelli
Scratches
Charles-Olivier Roussel (Healthy), Jared Staal (Healthy), Kyle Capobianco (Healthy), Michael Downing (Healthy)
% Time on Ice - Punishers
Lines # - Real PCT - Wanted PCT - Time Play
Normal Forward
1 - 34% - 40% - 15:29
2 - 28% - 30% - 12:54
3 - 23% - 20% - 10:43
4 - 15% - 10% - 7:01
Normal Defense
1 - 36% - 40% - 16:39
2 - 32% - 30% - 14:41
3 - 24% - 20% - 10:56
4 - 8% - 10% - 3:51
PP Forward
1 - 55% - 60% - 3:15
2 - 45% - 40% - 2:42
PP Defense
1 - 60% - 60% - 3:33
2 - 40% - 40% - 2:24
PK Forward
1 - 74% - 60% - 5:50
2 - 26% - 40% - 2:06
PK Defense
1 - 57% - 60% - 4:30
2 - 43% - 40% - 3:26
PK3 Forward
1 - 0% - 60%
2 - 0% - 40%
PK3 Defense
1 - 0% - 60%
2 - 0% - 40%
44 Forward
1 - 78% - 60% - 3:54
2 - 22% - 40% - 1:06
44 Defense
1 - 69% - 60% - 3:26
2 - 31% - 40% - 1:34
Last Minute Offensive - 0:00
Last Minute Defensive - 0:00
Total
Forward - 65:00
Defense - 65:00
|
% Time on Ice - Crunch
Lines # - Real PCT - Wanted PCT - Time Play
Normal Forward
1 - 33% - 40% - 15:17
2 - 34% - 30% - 15:28
3 - 20% - 20% - 9:06
4 - 14% - 10% - 6:16
Normal Defense
1 - 32% - 40% - 14:48
2 - 34% - 30% - 15:28
3 - 25% - 20% - 11:23
4 - 10% - 10% - 4:28
PP Forward
1 - 54% - 60% - 4:18
2 - 46% - 40% - 3:38
PP Defense
1 - 61% - 60% - 4:52
2 - 39% - 40% - 3:04
PK Forward
1 - 73% - 60% - 4:19
2 - 27% - 40% - 1:38
PK Defense
1 - 55% - 60% - 3:17
2 - 45% - 40% - 2:40
PK3 Forward
1 - 0% - 60%
2 - 0% - 40%
PK3 Defense
1 - 0% - 60%
2 - 0% - 40%
44 Forward
1 - 76% - 60% - 3:49
2 - 24% - 40% - 1:11
44 Defense
1 - 63% - 60% - 3:08
2 - 37% - 40% - 1:52
Last Minute Offensive - 0:00
Last Minute Defensive - 0:00
Total
Forward - 65:00
Defense - 65:00
|
Play-by-Play
1st period
0:01 of 1st period - Jayson Megna wins face-off versus Zack Hamill in neutral zone.
0:38 of 1st period - Wrist shot by Carter Ashton.
0:38 of 1st period - Stopped by Kaapo Kahkonen without a rebound.
0:39 of 1st period - John Quenneville wins face-off versus Dylan Strome in Crunch zone.
2:17 of 1st period - Snap shot by Nikita Gusev.
2:17 of 1st period - Shot Blocked by Brendan Guhle.
2:21 of 1st period - Snap shot by Nikita Gusev.
2:21 of 1st period - Stopped by Kaapo Kahkonen with a rebound.
2:37 of 1st period - Snap shot by Michael Ferland.
2:37 of 1st period - Stopped by Louis Domingue without a rebound.
2:38 of 1st period - Zack Hamill wins face-off versus Christoffer Ehn in Punishers zone.
2:44 of 1st period - Off-side.
2:45 of 1st period - Zack Hamill wins face-off versus Jayson Megna in neutral zone.
2:51 of 1st period - Minor Penalty to Tyler Bertuzzi for Holding.
2:52 of 1st period - Corey Tropp wins face-off versus Christoffer Ehn in Punishers zone.
2:58 of 1st period - Wrist shot by Zack Hamill.
2:58 of 1st period - Stopped by Kaapo Kahkonen with a rebound.
3:06 of 1st period - Slapshot by Corey Tropp.
3:06 of 1st period - Stopped by Kaapo Kahkonen with a rebound.
3:08 of 1st period - Slapshot by Ben Betker.
3:08 of 1st period - Stopped by Kaapo Kahkonen with a rebound.
4:36 of 1st period - Teemu Hartikainen is hit by Zack Hamill and loses puck.
4:51 of 1st period - Penalty to Tyler Bertuzzi is over, Tyler Bertuzzi is back on ice.
5:41 of 1st period - Anthony Cirelli is hit by Fredrik Claesson and loses puck.
6:10 of 1st period - Teemu Hartikainen is hit by John Quenneville and loses puck.
6:50 of 1st period - Anton Blidh is hit by Sean Walker and loses puck.
7:29 of 1st period - Dalton Smith is hit by Noah Juulsen and loses puck.
7:57 of 1st period - Icing by John Quenneville.
7:58 of 1st period - Christoffer Ehn wins face-off versus Daniel Audette in Punishers zone.
9:18 of 1st period - Icing by Fredrik Claesson.
9:19 of 1st period - Zack Hamill wins face-off versus Christoffer Ehn in Punishers zone.
9:37 of 1st period - Christoffer Ehn is hit by Tyler Bertuzzi and loses puck.
10:06 of 1st period - Snap shot by Zack Hamill.
10:06 of 1st period - Shot Misses the Net.
10:08 of 1st period - Slapshot by Ben Betker.
10:08 of 1st period - Shot Misses the Net.
10:14 of 1st period - Slapshot by Corey Tropp.
10:14 of 1st period - Stopped by Kaapo Kahkonen with a rebound.
10:16 of 1st period - Snap shot by Tyler Bertuzzi.
10:16 of 1st period - Shot Misses the Net.
10:18 of 1st period - Wrist shot by Zack Hamill.
10:18 of 1st period - Stopped by Kaapo Kahkonen with a rebound.
10:20 of 1st period - Slapshot by Fredrik Claesson.
10:20 of 1st period - Stopped by Kaapo Kahkonen without a rebound.
10:21 of 1st period - Jayson Megna wins face-off versus Radek Faksa in Crunch zone.
10:33 of 1st period - Slapshot by Brock Boeser.
10:33 of 1st period - Stopped by Louis Domingue without a rebound.
10:34 of 1st period - Radek Faksa wins face-off versus Jayson Megna in Punishers zone.
10:59 of 1st period - Dylan Strome is hit by Austen Brassard.
11:05 of 1st period - Wrist shot by John Quenneville.
11:05 of 1st period - Stopped by Kaapo Kahkonen without a rebound.
11:06 of 1st period - Jayson Megna wins face-off versus Radek Faksa in Crunch zone.
11:21 of 1st period - Slapshot by Chrstian Dvorak.
11:21 of 1st period - Shot Misses the Net.
11:41 of 1st period - Wrist shot by Christoffer Ehn.
11:41 of 1st period - Goal by Christoffer Ehn - Punishers : 0 - Crunch : 1.
11:42 of 1st period - Zack Hamill wins face-off versus Jayson Megna in neutral zone.
11:45 of 1st period - Wrist shot by Zack Hamill.
11:45 of 1st period - Shot Misses the Net.
11:47 of 1st period - Snap shot by Tyler Bertuzzi.
11:47 of 1st period - Deflect By Zack Hamill.
11:47 of 1st period - Goal by Zack Hamill - Punishers : 1 - Crunch : 1.
11:48 of 1st period - Jayson Megna wins face-off versus Zack Hamill in neutral zone.
12:01 of 1st period - Wrist shot by Brock Boeser.
12:01 of 1st period - Goal by Brock Boeser - Punishers : 1 - Crunch : 2.
12:02 of 1st period - Zack Hamill wins face-off versus Jayson Megna in neutral zone.
12:11 of 1st period - Snap shot by Tyler Bertuzzi.
12:11 of 1st period - Stopped by Kaapo Kahkonen with a rebound.
12:13 of 1st period - Slapshot by Corey Tropp.
12:13 of 1st period - Stopped by Kaapo Kahkonen without a rebound.
12:14 of 1st period - Zack Hamill wins face-off versus Jayson Megna in Crunch zone.
12:29 of 1st period - Snap shot by Teemu Hartikainen.
12:29 of 1st period - Stopped by Louis Domingue with a rebound.
12:35 of 1st period - Minor Penalty to Brett Kulak for Cross-checking.
12:36 of 1st period - Zack Hamill wins face-off versus Christoffer Ehn in Punishers zone.
13:42 of 1st period - Snap shot by Anton Blidh.
13:42 of 1st period - Shot Blocked by Teemu Hartikainen.
13:44 of 1st period - Slapshot by Ben Betker.
13:44 of 1st period - Deflect By Matt Roy.
13:44 of 1st period - Stopped by Kaapo Kahkonen without a rebound.
13:45 of 1st period - Christoffer Ehn wins face-off versus Gabriel Gagne in Crunch zone.
13:50 of 1st period - Ben Betker is hit by Christoffer Ehn and loses puck.
14:05 of 1st period - Zack Hamill is hit by Michael Ferland and loses puck.
14:35 of 1st period - Penalty to Brett Kulak is over, Brett Kulak is back on ice.
14:48 of 1st period - Wrist shot by Nikita Gusev.
14:48 of 1st period - Shot Blocked by Brendan Guhle.
14:54 of 1st period - Wrist shot by Nikita Gusev.
14:54 of 1st period - Shot Misses the Net.
15:45 of 1st period - Snap shot by Nikita Gusev.
15:45 of 1st period - Stopped by Kaapo Kahkonen without a rebound.
15:46 of 1st period - John Quenneville wins face-off versus Teemu Hartikainen in Crunch zone.
15:49 of 1st period - Snap shot by Nikita Gusev.
15:49 of 1st period - Stopped by Kaapo Kahkonen with a rebound.
15:51 of 1st period - Snap shot by Fredrik Claesson.
15:51 of 1st period - Deflect By John Quenneville.
15:51 of 1st period - Shot Blocked by Jordan Oesterle.
15:51 of 1st period - Puck is out of play.
15:52 of 1st period - Corey Tropp wins face-off versus Teemu Hartikainen in Crunch zone.
16:01 of 1st period - Snap shot by Zack Hamill.
16:01 of 1st period - Shot Misses the Net.
16:03 of 1st period - Wrist shot by Zack Hamill.
16:03 of 1st period - Stopped by Kaapo Kahkonen without a rebound.
16:04 of 1st period - Christoffer Ehn wins face-off versus Zack Hamill in Crunch zone.
16:35 of 1st period - Minor Penalty to Ben Betker for High sticking.
16:36 of 1st period - Christoffer Ehn wins face-off versus Zack Hamill in Punishers zone.
16:36 of 1st period - Snap shot by Teemu Hartikainen.
16:36 of 1st period - Stopped by Louis Domingue without a rebound.
16:37 of 1st period - Christoffer Ehn wins face-off versus Zack Hamill in Punishers zone.
18:35 of 1st period - Penalty to Ben Betker is over, Ben Betker is back on ice.
18:49 of 1st period - Ben Betker is hit by Mitch Callahan and loses puck.
Goals for this period are 1 for Punishers vs 2 for Crunch.
Shots for this period are 16 for Punishers vs 6 for Crunch.
2nd period
0:01 of 2nd period - Radek Faksa wins face-off versus Jayson Megna in neutral zone.
0:33 of 2nd period - Wrist shot by Michael Ferland.
0:33 of 2nd period - Stopped by Louis Domingue with a rebound.
1:00 of 2nd period - Wrist shot by Dalton Smith.
1:00 of 2nd period - Shot Misses the Net.
1:02 of 2nd period - Snap shot by Dalton Smith.
1:02 of 2nd period - Stopped by Louis Domingue without a rebound.
1:03 of 2nd period - Jayson Megna wins face-off versus Radek Faksa in Punishers zone.
1:16 of 2nd period - Snap shot by Jayson Megna.
1:16 of 2nd period - Stopped by Louis Domingue without a rebound.
1:17 of 2nd period - Zack Hamill wins face-off versus Jayson Megna in Punishers zone.
1:28 of 2nd period - Slapshot by Brock Boeser.
1:28 of 2nd period - Shot Blocked by Corey Tropp.
1:30 of 2nd period - Slapshot by Jordan Oesterle.
1:30 of 2nd period - Shot Blocked by Corey Tropp.
1:49 of 2nd period - Snap shot by Christoffer Ehn.
1:49 of 2nd period - Deflect By Anthony Cirelli.
1:49 of 2nd period - Stopped by Louis Domingue with a rebound.
1:51 of 2nd period - Slapshot by Michael Ferland.
1:51 of 2nd period - Shot Blocked by Artem Zub.
1:53 of 2nd period - Snap shot by Anthony Cirelli.
1:53 of 2nd period - Stopped by Louis Domingue with a rebound.
2:13 of 2nd period - Wrist shot by Dalton Smith.
2:13 of 2nd period - Shot Blocked by Artem Zub.
2:35 of 2nd period - Snap shot by John Quenneville.
2:35 of 2nd period - Shot Misses the Net.
3:27 of 2nd period - Ben Betker is hit by Sean Walker and loses puck.
3:42 of 2nd period - Noah Hanifin is hit by Carter Ashton and loses puck.
4:04 of 2nd period - Ben Betker is hit by Jordan Oesterle and loses puck.
4:21 of 2nd period - Minor Penalty to Dylan Strome for Hooking.
4:22 of 2nd period - Zack Hamill wins face-off versus Teemu Hartikainen in Crunch zone.
6:21 of 2nd period - Penalty to Dylan Strome is over, Dylan Strome is back on ice.
6:30 of 2nd period - Snap shot by Noah Hanifin.
6:30 of 2nd period - Deflect By Mitch Callahan.
6:30 of 2nd period - Shot Blocked by Anton Blidh.
6:30 of 2nd period - Puck is out of play.
6:31 of 2nd period - Mitch Callahan wins face-off versus Daniel Audette in Punishers zone.
6:38 of 2nd period - Snap shot by Michael Ferland.
6:38 of 2nd period - Shot Blocked by Daniel Audette.
6:40 of 2nd period - Snap shot by Anthony Cirelli.
6:40 of 2nd period - Shot Hit the Post.
6:42 of 2nd period - Wrist shot by Matt Roy.
6:42 of 2nd period - Stopped by Louis Domingue without a rebound.
6:43 of 2nd period - Jayson Megna wins face-off versus John Quenneville in Punishers zone.
6:48 of 2nd period - Slapshot by Jayson Megna.
6:48 of 2nd period - Stopped by Louis Domingue with a rebound.
6:50 of 2nd period - Slapshot by Matt Roy.
6:50 of 2nd period - Deflect By Brock Boeser.
6:50 of 2nd period - Shot Misses the Net.
6:50 of 2nd period - Puck is out of play.
6:51 of 2nd period - Jayson Megna wins face-off versus John Quenneville in Punishers zone.
6:56 of 2nd period - Snap shot by Jayson Megna.
6:56 of 2nd period - Shot Misses the Net.
7:43 of 2nd period - Snap shot by Carter Ashton.
7:43 of 2nd period - Deflect By Radek Faksa.
7:43 of 2nd period - Stopped by Kaapo Kahkonen with a rebound.
8:24 of 2nd period - Ben Betker is hit by Anatoli Golyshev and loses puck.
8:58 of 2nd period - Wrist shot by Tyler Bertuzzi.
8:58 of 2nd period - Stopped by Kaapo Kahkonen with a rebound.
9:23 of 2nd period - Slapshot by Nikita Gusev.
9:23 of 2nd period - Shot Blocked by Jacob Larsson.
9:33 of 2nd period - Snap shot by Daniel Audette.
9:33 of 2nd period - Shot Blocked by Anthony Cirelli.
9:35 of 2nd period - Wrist shot by Michael Joly.
9:35 of 2nd period - Deflect By Anton Blidh.
9:35 of 2nd period - Shot Misses the Net.
9:35 of 2nd period - Puck is out of play.
9:36 of 2nd period - Christoffer Ehn wins face-off versus Daniel Audette in Crunch zone.
9:51 of 2nd period - Slapshot by Anton Blidh.
9:51 of 2nd period - Shot Hit the Post.
10:01 of 2nd period - Noah Juulsen is hit by Michael Ferland and loses puck.
10:12 of 2nd period - Wrist shot by Michael Ferland.
10:12 of 2nd period - Stopped by Louis Domingue with a rebound.
10:14 of 2nd period - Wrist shot by Anthony Cirelli.
10:14 of 2nd period - Shot Misses the Net.
10:16 of 2nd period - Wrist shot by Michael Ferland.
10:16 of 2nd period - Stopped by Louis Domingue without a rebound.
10:17 of 2nd period - Zack Hamill wins face-off versus Jayson Megna in Punishers zone.
10:17 of 2nd period - Zack Hamill is hit by Jayson Megna.
10:23 of 2nd period - Snap shot by Corey Tropp.
10:23 of 2nd period - Stopped by Kaapo Kahkonen with a rebound.
10:42 of 2nd period - Matt Roy is hit by Carter Ashton and loses puck.
10:56 of 2nd period - Fredrik Claesson is hit by Jordan Oesterle and loses puck.
11:11 of 2nd period - Slapshot by Nikita Gusev.
11:11 of 2nd period - Stopped by Kaapo Kahkonen without a rebound.
11:12 of 2nd period - John Quenneville wins face-off versus Christoffer Ehn in Crunch zone.
11:39 of 2nd period - Wrist shot by Dalton Smith.
11:39 of 2nd period - Deflect By Dylan Strome.
11:39 of 2nd period - Shot Blocked by Brett Kulak.
11:39 of 2nd period - Puck is out of play.
11:40 of 2nd period - Zack Hamill wins face-off versus Dylan Strome in Punishers zone.
11:40 of 2nd period - Zack Hamill is hit by Mitch Callahan.
12:15 of 2nd period - Backhand shot by Jayson Megna.
12:15 of 2nd period - Stopped by Louis Domingue without a rebound.
12:16 of 2nd period - Zack Hamill wins face-off versus Christoffer Ehn in Punishers zone.
12:21 of 2nd period - Slapshot by Zack Hamill.
12:21 of 2nd period - Shot Misses the Net.
13:12 of 2nd period - Off-side.
13:13 of 2nd period - Zack Hamill wins face-off versus Jayson Megna in neutral zone.
13:28 of 2nd period - Snap shot by Zack Hamill.
13:28 of 2nd period - Stopped by Kaapo Kahkonen with a rebound.
13:51 of 2nd period - Snap shot by Noah Hanifin.
13:51 of 2nd period - Stopped by Louis Domingue without a rebound.
13:52 of 2nd period - Dylan Strome wins face-off versus Zack Hamill in Punishers zone.
14:05 of 2nd period - Wrist shot by Dalton Smith.
14:05 of 2nd period - Shot Blocked by Artem Zub.
14:07 of 2nd period - Snap shot by Mitch Callahan.
14:07 of 2nd period - Deflect By Dylan Strome.
14:07 of 2nd period - Shot Misses the Net.
14:07 of 2nd period - Puck is out of play.
14:08 of 2nd period - Radek Faksa wins face-off versus Jayson Megna in Punishers zone.
14:08 of 2nd period - Radek Faksa is hit by Jayson Megna.
14:14 of 2nd period - Snap shot by Teemu Hartikainen.
14:14 of 2nd period - Shot Misses the Net.
14:35 of 2nd period - Tyler Bertuzzi is hit by Christoffer Ehn and loses puck.
14:42 of 2nd period - Slapshot by Christoffer Ehn.
14:42 of 2nd period - Stopped by Louis Domingue without a rebound.
14:43 of 2nd period - Jayson Megna wins face-off versus Radek Faksa in Punishers zone.
14:59 of 2nd period - Icing by Noah Juulsen.
15:00 of 2nd period - Radek Faksa wins face-off versus Christoffer Ehn in Punishers zone.
15:05 of 2nd period - Slapshot by Artem Zub.
15:05 of 2nd period - Stopped by Kaapo Kahkonen with a rebound.
15:11 of 2nd period - Wrist shot by Carter Ashton.
15:11 of 2nd period - Shot Blocked by Christoffer Ehn.
15:25 of 2nd period - Snap shot by Radek Faksa.
15:25 of 2nd period - Deflect By Chrstian Dvorak.
15:25 of 2nd period - Stopped by Kaapo Kahkonen without a rebound.
15:26 of 2nd period - Zack Hamill wins face-off versus Jayson Megna in Crunch zone.
15:29 of 2nd period - Wrist shot by Corey Tropp.
15:29 of 2nd period - Stopped by Kaapo Kahkonen with a rebound.
15:32 of 2nd period - Icing by Matt Roy.
15:33 of 2nd period - Jayson Megna wins face-off versus Zack Hamill in Crunch zone.
15:38 of 2nd period - Jayson Megna is hit by Tyler Bertuzzi and loses puck.
16:11 of 2nd period - Minor Penalty to Jayson Megna for Hooking.
16:12 of 2nd period - Christoffer Ehn wins face-off versus Radek Faksa in Crunch zone.
17:19 of 2nd period - Wrist shot by Dylan Strome.
17:19 of 2nd period - Stopped by Louis Domingue without a rebound.
17:20 of 2nd period - Christoffer Ehn wins face-off versus Corey Tropp in Punishers zone.
18:11 of 2nd period - Penalty to Jayson Megna is over, Jayson Megna is back on ice.
18:17 of 2nd period - Brendan Guhle is hit by Radek Faksa and loses puck.
18:28 of 2nd period - Slapshot by Michael Joly.
18:28 of 2nd period - Stopped by Kaapo Kahkonen without a rebound.
18:29 of 2nd period - Dylan Strome wins face-off versus Daniel Audette in Crunch zone.
18:34 of 2nd period - Slapshot by Dylan Strome.
18:34 of 2nd period - Stopped by Louis Domingue with a rebound.
18:36 of 2nd period - Slapshot by Dalton Smith.
18:36 of 2nd period - Goal by Dalton Smith - Punishers : 1 - Crunch : 3.
18:37 of 2nd period - Zack Hamill wins face-off versus Jayson Megna in neutral zone.
19:02 of 2nd period - Noah Hanifin is hit by Carter Ashton and loses puck.
19:31 of 2nd period - Snap shot by Dylan Strome.
19:31 of 2nd period - Deflect By Dalton Smith.
19:31 of 2nd period - Stopped by Louis Domingue with a rebound.
19:33 of 2nd period - Wrist shot by Dylan Strome.
19:33 of 2nd period - Stopped by Louis Domingue with a rebound.
Goals for this period are 0 for Punishers vs 1 for Crunch.
Shots for this period are 9 for Punishers vs 17 for Crunch.
3rd period
0:01 of 3rd period - Jayson Megna wins face-off versus Zack Hamill in neutral zone.
0:16 of 3rd period - Minor Penalty to Jayson Megna for Tripping.
0:17 of 3rd period - Christoffer Ehn wins face-off versus Zack Hamill in Crunch zone.
0:26 of 3rd period - Snap shot by Teemu Hartikainen.
0:26 of 3rd period - Stopped by Louis Domingue without a rebound.
0:27 of 3rd period - Zack Hamill wins face-off versus Christoffer Ehn in Punishers zone.
2:15 of 3rd period - Slapshot by Artem Zub.
2:15 of 3rd period - Goal by Artem Zub - Punishers : 2 - Crunch : 3.
2:16 of 3rd period - Austen Brassard wins face-off versus Jayson Megna in neutral zone.
2:23 of 3rd period - Snap shot by John Quenneville.
2:23 of 3rd period - Stopped by Kaapo Kahkonen without a rebound.
2:24 of 3rd period - John Quenneville wins face-off versus Jayson Megna in Crunch zone.
2:25 of 3rd period - Slapshot by Nikita Gusev.
2:25 of 3rd period - Shot Blocked by Jordan Oesterle.
2:27 of 3rd period - Slapshot by Noah Juulsen.
2:27 of 3rd period - Shot Misses the Net.
2:29 of 3rd period - Wrist shot by John Quenneville.
2:29 of 3rd period - Deflect By Teemu Hartikainen.
2:29 of 3rd period - Goal by John Quenneville - Punishers : 3 - Crunch : 3.
2:30 of 3rd period - Zack Hamill wins face-off versus Brock Boeser in neutral zone.
2:35 of 3rd period - Snap shot by Corey Tropp.
2:35 of 3rd period - Shot Blocked by Brock Boeser.
2:37 of 3rd period - Slapshot by Tyler Bertuzzi.
2:37 of 3rd period - Shot Blocked by Noah Hanifin.
2:39 of 3rd period - Slapshot by Brett Kulak.
2:39 of 3rd period - Stopped by Kaapo Kahkonen with a rebound.
2:41 of 3rd period - Wrist shot by Corey Tropp.
2:41 of 3rd period - Stopped by Kaapo Kahkonen with a rebound.
2:43 of 3rd period - Wrist shot by Corey Tropp.
2:43 of 3rd period - Stopped by Kaapo Kahkonen without a rebound.
2:44 of 3rd period - Teemu Hartikainen wins face-off versus Zack Hamill in Crunch zone.
2:44 of 3rd period - Teemu Hartikainen is hit by Corey Tropp.
2:50 of 3rd period - Snap shot by Teemu Hartikainen.
2:50 of 3rd period - Stopped by Louis Domingue with a rebound.
2:52 of 3rd period - Slapshot by Noah Hanifin.
2:52 of 3rd period - Stopped by Louis Domingue with a rebound.
3:09 of 3rd period - Jordan Oesterle is hit by Chrstian Dvorak and loses puck.
3:36 of 3rd period - Connor Clifton is hit by Mitch Callahan and loses puck.
3:55 of 3rd period - Slapshot by Anatoli Golyshev.
3:55 of 3rd period - Shot Blocked by Austen Brassard.
4:09 of 3rd period - Wrist shot by Nikita Gusev.
4:09 of 3rd period - Stopped by Kaapo Kahkonen with a rebound.
4:11 of 3rd period - Slapshot by Fredrik Claesson.
4:11 of 3rd period - Stopped by Kaapo Kahkonen with a rebound.
4:43 of 3rd period - Wrist shot by Anatoli Golyshev.
4:43 of 3rd period - Deflect By Max McCormick.
4:43 of 3rd period - Stopped by Louis Domingue without a rebound.
4:44 of 3rd period - Corey Tropp wins face-off versus Christoffer Ehn in Punishers zone.
7:44 of 3rd period - Snap shot by Anton Blidh.
7:44 of 3rd period - Shot Misses the Net.
8:08 of 3rd period - Brendan Guhle is hit by Corey Tropp and loses puck.
8:21 of 3rd period - Brendan Guhle is hit by Brett Kulak and loses puck.
8:43 of 3rd period - Sean Walker is hit by Corey Tropp.
9:03 of 3rd period - Wrist shot by John Quenneville.
9:03 of 3rd period - Stopped by Kaapo Kahkonen with a rebound.
10:03 of 3rd period - Anton Blidh is hit by Anatoli Golyshev and loses puck.
10:50 of 3rd period - Anthony Cirelli is hit by Noah Juulsen and loses puck.
11:07 of 3rd period - Austen Brassard is hit by Dalton Smith and loses puck.
11:39 of 3rd period - Noah Juulsen is hit by Matt Roy and loses puck.
11:56 of 3rd period - Anthony Cirelli is hit by Noah Juulsen and loses puck.
12:01 of 3rd period - Slapshot by Zack Hamill.
12:01 of 3rd period - Shot Misses the Net.
12:03 of 3rd period - Snap shot by Corey Tropp.
12:03 of 3rd period - Stopped by Kaapo Kahkonen with a rebound.
12:05 of 3rd period - Wrist shot by Corey Tropp.
12:05 of 3rd period - Goal by Corey Tropp - Punishers : 4 - Crunch : 3.
12:06 of 3rd period - Jayson Megna wins face-off versus Zack Hamill in neutral zone.
12:09 of 3rd period - Slapshot by Noah Hanifin.
12:09 of 3rd period - Stopped by Louis Domingue with a rebound.
12:11 of 3rd period - Snap shot by Teemu Hartikainen.
12:11 of 3rd period - Shot Blocked by Artem Zub.
12:13 of 3rd period - Snap shot by Teemu Hartikainen.
12:13 of 3rd period - Goal by Teemu Hartikainen - Punishers : 4 - Crunch : 4.
12:14 of 3rd period - Zack Hamill wins face-off versus Jayson Megna in neutral zone.
12:36 of 3rd period - Minor Penalty to Corey Tropp for Interference.
12:37 of 3rd period - Zack Hamill wins face-off versus Christoffer Ehn in Punishers zone.
12:37 of 3rd period - Zack Hamill is hit by Brock Boeser.
12:47 of 3rd period - Zack Hamill is hit by Christoffer Ehn and loses puck.
14:36 of 3rd period - Penalty to Corey Tropp is over, Corey Tropp is back on ice.
14:46 of 3rd period - Artem Zub is hit by Dylan Strome.
14:50 of 3rd period - Dylan Strome is hit by Carter Ashton and loses puck.
15:09 of 3rd period - Slapshot by Nikita Gusev.
15:09 of 3rd period - Stopped by Kaapo Kahkonen without a rebound.
15:10 of 3rd period - Christoffer Ehn wins face-off versus Radek Faksa in Crunch zone.
15:10 of 3rd period - Anthony Cirelli is hit by Carter Ashton and loses puck.
15:49 of 3rd period - Anthony Cirelli is hit by Zack Hamill and loses puck.
15:54 of 3rd period - Wrist shot by Zack Hamill.
15:54 of 3rd period - Shot Blocked by Anthony Cirelli.
15:56 of 3rd period - Slapshot by Brett Kulak.
15:56 of 3rd period - Shot Misses the Net.
17:05 of 3rd period - Snap shot by Zack Hamill.
17:05 of 3rd period - Shot Blocked by Sean Walker.
19:23 of 3rd period - Teemu Hartikainen is hit by Carter Ashton and loses puck.
Goals for this period are 3 for Punishers vs 1 for Crunch.
Shots for this period are 12 for Punishers vs 6 for Crunch.
Overtime #1
0:01 of 1st overtime period - Teemu Hartikainen wins face-off versus Zack Hamill in neutral zone.
0:04 of 1st overtime period - Slapshot by Jordan Oesterle.
0:04 of 1st overtime period - Shot Misses the Net.
0:06 of 1st overtime period - Slapshot by Noah Hanifin.
0:06 of 1st overtime period - Deflect By Corey Tropp.
0:06 of 1st overtime period - Stopped by Louis Domingue with a rebound.
0:08 of 1st overtime period - Wrist shot by Noah Hanifin.
0:08 of 1st overtime period - Shot Misses the Net.
0:10 of 1st overtime period - Slapshot by Noah Hanifin.
0:10 of 1st overtime period - Shot Blocked by Ben Betker.
0:12 of 1st overtime period - Wrist shot by Teemu Hartikainen.
0:12 of 1st overtime period - Shot Blocked by Zack Hamill.
0:14 of 1st overtime period - Slapshot by Noah Hanifin.
0:14 of 1st overtime period - Deflect By Brett Kulak.
0:14 of 1st overtime period - Stopped by Louis Domingue without a rebound.
0:15 of 1st overtime period - Teemu Hartikainen wins face-off versus Zack Hamill in Punishers zone.
0:39 of 1st overtime period - Icing by Corey Tropp.
0:40 of 1st overtime period - Corey Tropp wins face-off versus Teemu Hartikainen in Punishers zone.
1:53 of 1st overtime period - Ben Betker is hit by Brendan Guhle and loses puck.
1:54 of 1st overtime period - Ben Betker from Punishers is injured at 1:54 of 1st overtime period (Bruised Right Foot).
1:55 of 1st overtime period - Zack Hamill wins face-off versus Teemu Hartikainen in Punishers zone.
2:03 of 1st overtime period - Off-side.
2:04 of 1st overtime period - Zack Hamill wins face-off versus Teemu Hartikainen in neutral zone.
2:47 of 1st overtime period - Slapshot by Zack Hamill.
2:47 of 1st overtime period - Stopped by Kaapo Kahkonen without a rebound.
2:48 of 1st overtime period - Teemu Hartikainen wins face-off versus Zack Hamill in Crunch zone.
3:31 of 1st overtime period - Slapshot by Matt Roy.
3:31 of 1st overtime period - Deflect By Christoffer Ehn.
3:31 of 1st overtime period - Stopped by Louis Domingue without a rebound.
3:32 of 1st overtime period - Jayson Megna wins face-off versus Alex Schoenborn in Punishers zone.
3:41 of 1st overtime period - Snap shot by Christoffer Ehn.
3:41 of 1st overtime period - Stopped by Louis Domingue with a rebound.
3:43 of 1st overtime period - Slapshot by Noah Hanifin.
3:43 of 1st overtime period - Shot Blocked by Fredrik Claesson.
3:45 of 1st overtime period - Slapshot by Jordan Oesterle.
3:45 of 1st overtime period - Deflect By Jayson Megna.
3:45 of 1st overtime period - Shot Misses the Net.
3:45 of 1st overtime period - Puck is out of play.
3:46 of 1st overtime period - Teemu Hartikainen wins face-off versus Zack Hamill in Punishers zone.
3:49 of 1st overtime period - Snap shot by Teemu Hartikainen.
3:49 of 1st overtime period - Deflect By Zack Hamill.
3:49 of 1st overtime period - Stopped by Louis Domingue with a rebound.
3:51 of 1st overtime period - Snap shot by Brock Boeser.
3:51 of 1st overtime period - Shot Misses the Net.
3:53 of 1st overtime period - Wrist shot by Teemu Hartikainen.
3:53 of 1st overtime period - Shot Misses the Net.
Goals for this period are 0 for Punishers vs 0 for Crunch.
Shots for this period are 1 for Punishers vs 5 for Crunch.
ShootOut
5:00 of 1st overtime period - Round #1.
5:00 of 1st overtime period - Punishers, Zack Hamill.
5:00 of 1st overtime period - Wrist shot by Zack Hamill.
5:00 of 1st overtime period - Stopped by Kaapo Kahkonen.
5:00 of 1st overtime period - Crunch, Teemu Hartikainen.
5:00 of 1st overtime period - Backhand shot by Teemu Hartikainen.
5:00 of 1st overtime period - Goal by Teemu Hartikainen.
5:00 of 1st overtime period - Round #2.
5:00 of 1st overtime period - Punishers, Corey Tropp.
5:00 of 1st overtime period - Snap shot by Corey Tropp.
5:00 of 1st overtime period - Stopped by Kaapo Kahkonen.
5:00 of 1st overtime period - Crunch, Brock Boeser.
5:00 of 1st overtime period - Wrist shot by Brock Boeser.
5:00 of 1st overtime period - Stopped by Louis Domingue.
5:00 of 1st overtime period - Round #3.
5:00 of 1st overtime period - Punishers, Tyler Bertuzzi.
5:00 of 1st overtime period - Deke by Tyler Bertuzzi.
5:00 of 1st overtime period - Shot Misses the Net.
Output by the SimonT Hockey Simulator (STHS) for Francois Prevost